 Dungeon Sprint DCSS version 0.27-a0-1196-g3e9cee4cb2 (webtiles) character file.

Game seed: 10056801923633606358

7408 Zeld the Severer (level 10, -1/151 HPs)
             Began as a Minotaur Berserker on May 28, 2021.
             Was the Champion of Trog.
             Shot with an arrow by a centaur (2 damage)
             ... in the Dungeon (Sprint VII: "The Pits").
             The game lasted 00:04:54 (2496 turns).

Zeld the Severer (Minotaur Berserker)               Turns: 2496, Time: 00:04:55

Health: -1/151     AC: 16    Str: 26    XL:     10   Next: 92%
Magic:  9/9        EV: 15    Int:  4    God:    Trog [******]
Gold:   0          SH:  0    Dex: 12    Spells: 9/9 levels left

rFire    . . .     SeeInvis .   a - +6 battleaxe (flame)
rCold    . . .     Faith    .   (shield currently unavailable)
rNeg     . . .     Spirit   .   o - +0 plate armour
rPois    .         Reflect  .   (helmet restricted)
rElec    .         Harm     .   (no cloak)
rCorr    .         Rampage  .   (no gloves)
Will     .....     NoTele   +   (no boots)
Stlth    ..........             (no amulet)
HPRegen  0.35/turn              k - +3 ring of dexterity
MPRegen  0.11/turn              m - +3 ring of evasion

@: berserking (expiring), flayed, very quick
A: horns 2, retaliatory headbutt
a: Renounce Religion, Berserk, Trog's Hand, Brothers in Arms


You were in the Dungeon.
You worshipped Trog.
Trog was exalted by your worship.
You visited 1 branch

Inventory:

Hand Weapons
 a - a +6 battleaxe of flaming (weapon)
 b - a +5 war axe of flaming
Armour
 o - a +0 plate armour (worn)
Jewellery
 k - a +3 ring of dexterity (left hand)
 m - a +3 ring of evasion (right hand)
Scrolls
 g - a scroll of blinking
 i - a scroll of summoning
Potions
 c - 12 potions of heal wounds
 d - a potion of haste
 e - 4 potions of magic
 f - 3 potions of berserk rage
 h - 2 potions of invisibility
 j - 7 potions of curing
 l - 2 potions of might


   Skills:
 * Level 13.4 Fighting
 - Level 20.0 Axes
 * Level 13.2 Armour
 * Level 12.3 Dodging
 - Level 3.2 Unarmed Combat


You had 9 spell levels left.
You didn't know any spells.
Your spell library was empty.

Dungeon Overview and Level Annotations

Branches:
Dungeon (1/1)

Altars:
Ashenzari
Cheibriados
Dithmenos
Elyvilon
Fedhas
Gozag
Hepliaklqana
Kikubaaqudgha
Makhleb
Nemelex Xobeh
Okawaru
Qazlal
Ru
Sif Muna
Trog
Uskayaw
Vehumet
Wu Jian
Xom
Yredelemnul
Zin
The Shining One
Beogh
Jiyva
Lugonu


Innate Abilities, Weirdness & Mutations

You have a pair of horns on your head.
You reflexively headbutt those who attack you in melee.


Message History

You kill the smoke demon!
Trog accepts your kill.
You are engulfed in a cloud of scalding steam.
The steam dragon breathes steam at you. The ball of steam hits you!!
* * * LOW HITPOINT WARNING * * *
Training target 20.0 for Axes reached!
Your Axes skill increases to level 20!
You need to enable at least one skill for training.
Your Dodging skill increases to level 12!
You closely miss the deep elf zephyrmancer.
You headbutt the deep elf zephyrmancer!!
The deep elf zephyrmancer is severely wounded.
The centaur shoots an arrow.
The arrow hits you.
* * * LOW HITPOINT WARNING * * *
You hear a twanging sound.
An arrow appears from out of thin air!
The arrow hits you!
* * * LOW HITPOINT WARNING * * *
Unknown command.
You open the deep elf zephyrmancer like a pillowcase!!!
You burn the deep elf zephyrmancer.
You kill the deep elf zephyrmancer!
Trog accepts your kill.
Trog appreciates your killing of a magic user.
The orc priest invokes the aid of Beogh against you.
Beogh smites you!
* * * LOW HITPOINT WARNING * * *
The flayed ghost cries, "Feel what I felt!"
Terrible wounds spread across more of your body!
* * * LOW HITPOINT WARNING * * *
You hear a twanging sound.
An arrow appears from out of thin air!
The arrow hits you!!
* * * LOW HITPOINT WARNING * * *
The deep elf zephyrmancer mumbles some strange words.
The deep elf zephyrmancer blinks!
Your Armour skill increases to level 13!
Unknown command.
You feel a strong urge to attack something.
The centaur shoots an arrow.
The arrow hits you.
You die...

..'..'...###........###..
..'..'.....##......##...
.##..##.....##....##..# #
##....###....#....#s....
........###.###..##s#.#.#
..#..#...#....#[.#9)§o..#
.........'....)†.cD.eW..+
..#..#...#.).)#(.#).e...#
.....)..###)###.@##y#.#.#
##..).###...)#....#lye..
.##..##†....##....##..# #
..'..).†...##......##...
..'..)...###........###..
########## ########## ##


You could see a wolf spider, a gargoyle, a centaur and a scorpion.

Vanquished Creatures
  A minotaur (D)
  An orc knight (D)
  A deep elf zephyrmancer (D)
  A cyclops (D)
  A smoke demon (D)
  A gargoyle (D)
  Psyche (D)
  2 tyrant leeches (D)
  A troll (D)
  7 dream sheep (D)
  A redback (D)
  A wyvern (D)
  A ynoxinul (D)
  A vampire mosquito (D)
  An orc warrior (D)
  2 black bears (D)
  A sky beast (D)
  An ogre (D)
  A necrophage (D)
  4 wolves (D)
  A phantom (D)
  A kobold brigand (D)
  Blork the orc (D)
  A gnoll sergeant (D)
  A scorpion (D)
  A small abomination (D)
  A crimson imp (D)
  2 quasits (D)
  2 orc priests (D)
  2 gnoll shamans (D)
  A hell rat (D)
  9 gnolls (D)
  An adder (D)
  A river rat (D)
  An ufetubus (D)
  5 orcs (D)
  2 endoplasms (D)
  A giant cockroach (D)
  A hobgoblin (D)
  7 jackals (D)
  A kobold (D)
  A frilled lizard (D)
  A quokka zombie (D)
  A rat (D)
77 creatures vanquished.

Vanquished Creatures (collateral kills)
  2 unseen horrors (D)
  A floating eye (D)
3 creatures vanquished.

Vanquished Creatures (others)
  2 orcs (D)
2 creatures vanquished.

Grand Total: 82 creatures vanquished

Notes
Turn   | Place    | Note
-------+----------+-------------------------------------------
     0 | D        | Zeld the Minotaur Berserker began the quest for the Orb.
     0 | D        | Reached XP level 1. HP: 19/19 MP: 0/0
    20 | D        | Found a bloodstained altar of Trog.
    20 | D        | Found a shimmering blue altar of Sif Muna.
    20 | D        | Found a viscous altar of Jiyva.
    20 | D        | Found a hazy altar of Hepliaklqana.
    20 | D        | Found an opulent altar of Gozag.
    21 | D        | Found a glowing golden altar of the Shining One.
    21 | D        | Found a glowing silver altar of Zin.
    21 | D        | Found a basalt altar of Yredelemnul.
    21 | D        | Found a shimmering altar of Xom.
    21 | D        | Found an ornate altar of the Wu Jian Council.
    21 | D        | Found a sacrificial altar of Ru.
    21 | D        | Found a stormy altar of Qazlal.
    21 | D        | Found an iron altar of Okawaru.
    21 | D        | Found a sparkling altar of Nemelex Xobeh.
    21 | D        | Found a burning altar of Makhleb.
    21 | D        | Found a blossoming altar of Fedhas.
    21 | D        | Found a white marble altar of Elyvilon.
    21 | D        | Found a shadowy altar of Dithmenos.
    21 | D        | Found a snail-covered altar of Cheibriados.
    23 | D        | Found a radiant altar of Vehumet.
    23 | D        | Found a corrupted altar of Lugonu.
    24 | D        | Found an ancient bone altar of Kikubaaqudgha.
    24 | D        | Found a hide-covered altar of Uskayaw.
    24 | D        | Found a broken altar of Ashenzari.
    69 | D        | Reached skill level 1 in Axes
    71 | D        | Reached ** piety under Trog
    72 | D        | Reached skill level 2 in Axes
    79 | D        | Reached skill level 3 in Axes
    91 | D        | Reached skill level 5 in Axes
    91 | D        | Reached XP level 2. HP: 7/26 MP: 1/1
   630 | D        | Reached skill level 7 in Axes
   630 | D        | Reached XP level 3. HP: 31/31 MP: 2/2
   631 | D        | Reached *** piety under Trog
   632 | D        | Reached skill level 8 in Axes
   825 | D        | Noticed a necrophage
   825 | D        | Noticed Blork the orc
   864 | D        | Killed a necrophage
   865 | D        | Reached skill level 11 in Axes
   865 | D        | Reached XP level 4. HP: 39/39 MP: 3/3
   865 | D        | Reached XP level 5. HP: 45/45 MP: 4/4
   866 | D        | Reached **** piety under Trog
   920 | D        | Killed Blork the orc
   921 | D        | Reached skill level 13 in Axes
   976 | D        | Reached ***** piety under Trog
   982 | D        | Noticed an ogre
   984 | D        | Reached XP level 6. HP: 49/51 MP: 5/5
   989 | D        | Reached skill level 14 in Axes
   989 | D        | Reached skill level 5 in Fighting
   991 | D        | Reached skill level 5 in Armour
   991 | D        | Reached skill level 5 in Dodging
  1064 | D        | Reached XP level 7. HP: 64/64 MP: 6/6
  1065 | D        | Reached ****** piety under Trog
  1065 | D        | Received a gift from Trog
  1138 | D        | Noticed a cyclops
  1148 | D        | Killed a cyclops
  1149 | D        | Reached XP level 8. HP: 79/79 MP: 7/7
  1368 | D        | Noticed a tyrant leech
  1372 | D        | Reached skill level 10 in Fighting
  1378 | D        | Killed a tyrant leech
  1379 | D        | Reached skill level 10 in Armour
  1440 | D        | Killed an unseen horror
  1441 | D        | Killed an unseen horror
  1442 | D        | Reached skill level 10 in Dodging
  1442 | D        | Paralysed by a floating eye for 3 turns
  1699 | D        | Noticed a tyrant leech
  1707 | D        | Received a gift from Trog
  1717 | D        | Killed a tyrant leech
  1718 | D        | Reached XP level 9. HP: 57/90 MP: 8/8
  2046 | D        | Noticed Psyche
  2053 | D        | Killed Psyche
  2232 | D        | Received a gift from Trog
  2280 | D        | Received a gift from Trog
  2358 | D        | Noticed a gargoyle
  2360 | D        | Noticed a troll
  2362 | D        | Killed a gargoyle
  2362 | D        | Received a gift from Trog
  2363 | D        | Noticed a minotaur
  2363 | D        | Noticed an orc knight
  2365 | D        | Reached skill level 15 in Axes
  2365 | D        | Killed a troll
  2366 | D        | Reached skill level 16 in Axes
  2366 | D        | Reached XP level 10. HP: 101/101 MP: 9/9
  2368 | D        | Received a gift from Trog
  2371 | D        | Reached skill level 17 in Axes
  2372 | D        | Killed an orc knight
  2373 | D        | Reached skill level 18 in Axes
  2377 | D        | Killed a minotaur
  2378 | D        | Reached skill level 19 in Axes
  2378 | D        | Received a gift from Trog
  2484 | D        | Noticed a wolf spider
  2484 | D        | Noticed a deep elf knight
  2484 | D        | Noticed a deep elf zephyrmancer
  2484 | D        | Noticed a deep elf zephyrmancer
  2484 | D        | Noticed a deep elf pyromancer
  2484 | D        | Noticed a deep elf zephyrmancer
  2484 | D        | Noticed a smoke demon
  2485 | D        | Noticed a gargoyle
  2486 | D        | Noticed a flayed ghost
  2492 | D        | Killed a smoke demon
  2493 | D        | Reached skill level 20 in Axes
  2494 | D        | Killed a deep elf zephyrmancer
  2494 | D        | HP: 1/151 [something (19)]
  2496 | D        | Shot with an arrow by a centaur

Illustrated notes

Levels and vault maps discovered:
D:        pitsprint [storerooms_1, entrance_room_1, metal_vault_4, armoury_1,
          mini_pit_1, grid_room_1, main_hall_1, silver_pit, the_coven_3,
          the_vestibule_1, steel_vault_3, golden_pit, hallway_of_sentries,
          crystal_vault_2, iron_vault_2, final_vault]

Skill      XL: |  1  2  3  4  5  6  7  8  9 10 |
---------------+-------------------------------+-----
Axes           | 5 7 11 13 14 16 20 | 20.0
Fighting       | 6 9 11 13 | 13.4
Armour         | 6 9 11 12 13 | 13.2
Dodging        | 5 8 10 11 12 | 12.3
Unarmed Combat | |  3.2

Action                   |  1- 3 |  4- 6 |  7- 9 | 10-12 || total
-------------------------+-------+-------+-------+-------++-------
Melee: Hand axe          |    19 |    31 |    62 |       ||   112
       Headbutt          |     4 |    11 |    12 |     5 ||    32
       Punch             |     1 |       |     1 |       ||     2
       Unarmed           |     1 |       |       |       ||     1
       Battleaxe         |       |       |     5 |    23 ||    28
Invok: Berserk           |     3 |     2 |     6 |     1 ||    12
       Brothers in Arms  |       |       |     1 |       ||     1
Armor: Chain mail        |     1 |    11 |     9 |     2 ||    23
       Plate armour      |       |       |       |     4 ||     4
Dodge: Dodged            |    13 |     6 |    22 |    18 ||    59

Table legend: (Time is in decaauts)
 A = Elapsed time spent in this place.
 B = Non-inter-level travel time spent in this place.
 C = Inter-level travel time spent in this place.
 D = Time resting spent in this place.
 E = Time spent auto-exploring this place.
 F = Levels seen in this place.
 G = Mean time per level.
                   A        B        C        D        E       F      G
               +--------+--------+--------+--------+--------+-----+--------+
         Total |   2560 |   2539 |     21 |   1890 |     98 |   1 | 2560.0 |
       Dungeon |   2560 |   2539 |     21 |   1890 |     98 |   1 | 2560.0 |
               +--------+--------+--------+--------+--------+-----+--------+

Top non-repeatable levels by time:
       D: 2560 daAuts
